 Dungeon Crawl Stone Soup version 0.29.1-2-gbd0b4ee654 (webtiles) character file.

Game seed: 4176014173372590879

18 xian the Chopper (level 2, -3/25 HPs)
             Began as a Hill Orc Gladiator on Nov 12, 2022.
             Slain by a gnoll
             ... wielding a +2 spear of venom
              (4 damage)
             ... on level 2 of the Dungeon.
             The game lasted 00:01:23 (1191 turns).

xian the Chopper (Hill Orc Gladiator)               Turns: 1191, Time: 00:01:24

Health: -3/25      AC:  4    Str: 16    XL:     2   Next: 66%
Magic:  2/2        EV: 12    Int:  8    God:
Gold:   71         SH:  0    Dex: 12    Spells: 1/1 levels left

rFire   . . .      SeeInvis .   a - +0 war axe
rCold   . . .      Faith    .   (no shield)
rNeg    . . .      Spirit   .   b - +0 leather armour
rPois   .          Reflect  .   c - +0 helmet
rElec   .          Harm     .   l - scarf {shadows}
rCorr   .          Rampage  .   (no gloves)
Will    .....                   (no boots)
Stlth   +.........              (no amulet)
HPRegen 0.08/turn               (no ring)
MPRegen 0.08/turn               (no ring)

@: no status effects
A: no striking features
a: no special abilities


You were on level 2 of the Dungeon.
You visited 1 branch of the dungeon, and saw 2 of its levels.

You collected 71 gold pieces.

Inventory:

Hand Weapons
 a - a +0 war axe (weapon)
Missiles
 d - 3 throwing nets (quivered)
 e - a javelin
 f - 5 boomerangs
Armour
 b - a +0 leather armour (worn)
 c - a +0 helmet (worn)
 l - a scarf of shadows (worn)
Scrolls
 h - a scroll of teleportation {unknown}
 j - a scroll of enchant armour {unknown}
 k - a scroll of summoning {unknown}
Potions
 g - 3 potions of curing
 i - a potion of haste {unknown}
 m - a potion of heal wounds {unknown}


   Skills:
 + Level 2.5 Fighting
 + Level 4.7 Axes
 + Level 1.9 Throwing
 + Level 2.6 Dodging


You had one spell level left.
You didn't know any spells.
Your spell library contained the following spells:

 Spells                   Type           Power      Damage    Failure   Level
 Sting                    Tmut/Pois      0%         1d3       47%         1
 Poisonous Vapours        Pois/Air       0%         N/A       63%         2
 Olgreb's Toxic Radiance  Pois           0%         N/A       99%         4


Dungeon Overview and Level Annotations

Branches:
Dungeon (2/15)

Altars:


Message History

You see here a +0 dagger.
You see here a +0 dagger.
There is a stone staircase leading down here.
You climb downwards.
The gnoll shouts! x2
There is a stone staircase leading up here.
A goblin comes into view. It is wielding a +0 club.
There is a stone staircase leading up here.
You closely miss the gnoll. The gnoll closely misses you. x2
You closely miss the gnoll. The gnoll hits you with a +0 club.
The gnoll hits you from afar with a +2 spear of venom.
You are poisoned.
You slash the gnoll!
The gnoll is severely wounded.
You feel very sick. The gnoll closely misses you.
The gnoll hits you from afar with a +2 spear of venom.
You are lethally poisoned!
The gnoll hits you with a +0 club. The gnoll attacks as you move away!
The gnoll barely misses you.
You feel very sick.
You hit the gnoll.
The gnoll is almost dead.
* * * LOW HITPOINT WARNING * * *
You feel very sick. The gnoll hits you with a +0 club.
* * * LOW HITPOINT WARNING * * *
The gnoll hits you with a +0 club.
* * * LOW HITPOINT WARNING * * *
The gnoll completely misses you.
It was a potion of curing.
You feel better.
The gnoll hits you from afar with a +2 spear of venom.
* * * LOW HITPOINT WARNING * * *
The gnoll hits you with a +0 club.
* * * LOW HITPOINT WARNING * * *
Unknown command.
You slash the gnoll!
You kill the gnoll!
The gnoll hits you from afar with a +2 spear of venom.
You die... .. # ....#####.##.# ....gg<@...... ####g####.##.# # #

You could see 2 gnolls and a goblin.

Vanquished Creatures
  A gnoll (D:2)
  A dart slug (D:1)
  A bat (D:1)
  3 goblins (D:1)
  A hobgoblin (D:1)
  3 kobolds (D:1)
  3 quokkas (D:1)
  2 rats (D:1)
15 creatures vanquished.

Notes
Turn   | Place    | Note
-------+----------+-------------------------------------------
     0 | D:1      | xian the Hill Orc Gladiator began the quest for the Orb.
     0 | D:1      | Reached XP level 1. HP: 18/18 MP: 1/1
   259 | D:1      | Reached XP level 2. HP: 20/25 MP: 2/2
  1189 | D:2      | HP: 1/25 [gnoll/+0 club (4)]
  1191 | D:2      | Slain by a gnoll

Illustrated notes

Levels and vault maps discovered:
D:1:      lemuel_arrival_funnel, layout_loops_ring, st_stairs_6,
          minmay_misc_feat_enclosed, nicolae_concentric_dashed_squares_wild,
          nrook_uturn, minmay_tetromino_i2
D:2:      layout_basic, basic_altar

Action                   || total
-------------------------++-------
Melee: War axe           ||    34
  Use: Potion            ||     1
Armor: Leather armour    ||     8
Dodge: Dodged            ||    23
